 Dungeon Crawl Stone Soup version 0.31.0-11-ge490571c62 (webtiles) character file.

Game seed: 3355249536932724625

104936 Flugkiller the Warrior (level 15, -5/141 HPs)
             Began as a Demigod Shapeshifter on Jan 30, 2024.
             Incinerated by a deep elf pyromancer (9 damage)
             ... with a pyre arrow
             ... on level 2 of the Orcish Mines.
             The game lasted 00:21:09 (20276 turns).

Flugkiller the Warrior (Demigod Shapeshifter)      Turns: 20276, Time: 00:21:09

Health: -5/141     AC: 12    Str: 27    XL:     15   Next: 46%
Magic:  18/18      EV: 25    Int: 12    God:
Gold:   3344       SH:  0    Dex: 21    Spells: 14/14 levels left

rFire   . .          .
                       - Unarmed
rCold   . . .        (shield currently unavailable)
rNeg    + . .        o - melded +0 swamp dragon scales
rPois   .            A - +2 helmet
rElec   .            s - +1 cloak
rCorr   .            J - +2 pair of gloves
SInv    +            (no boots)
Will    +....        u - amulet of regeneration
Stlth   +            p - +4 ring of protection
HPRegen 2.03/turn    E - ring of positive energy
MPRegen 0.16/turn

%: no passive effects
@: on fire, flux-form, glowing
A: glow, contaminating, high MP 1, forlorn, divine attributes, hooves 1, see
invisible, regeneration 1
a: Begin Untransformation


You were on level 2 of the Orcish Mines.
You were something dangerously unstable.
You visited 4 branches of the dungeon, and saw 23 of its levels.
You also visited: Bailey.

You collected 3412 gold pieces.
You spent 68 gold pieces at shops.

Inventory:

Missiles
 F - 3 curare-tipped darts (quivered)
 K - 18 throwing nets
Armour
 b - a +0 kite shield of resistance
   (You took it off a tengu warrior on level 14 of the Dungeon)
 o - +0 swamp dragon scales (melded)
   (You took it off a hobgoblin on level 2 of the Dungeon)
 s - a +1 cloak (worn)
   (You found it on level 3 of the Dungeon)
 A - a +2 helmet (worn)
   (You found it on level 7 of the Dungeon)
 J - a +2 pair of gloves (worn)
   (You found it on level 7 of the Dungeon)
 M - a +4 ring mail
   (You took it off a gnoll in a bailey)
 N - a +0 crystal plate armour
   (You took it off a gnoll sergeant in a bailey)
Jewellery
 c - a ring of protection from cold
   (You found it on level 8 of the Dungeon)
 l - a +6 ring of intelligence
   (You found it on level 12 of the Dungeon)
 n - a ring of ice
   (You found it on level 1 of the Lair of Beasts)
 p - a +4 ring of protection (left hand)
   (You found it on level 7 of the Dungeon)
 u - an amulet of regeneration (around neck)
   (You found it on level 4 of the Lair of Beasts)
 E - a ring of positive energy (right hand)
   (You found it on level 4 of the Dungeon)
 L - the amulet of Elemental Vulnerability {rPois rF-- rC-- AC+8}
   (You took it off a gnoll bouda in a bailey)

   [amulet of nothing]

   AC+8:      It affects your AC (+8).
   rF--:      It makes you very vulnerable to fire.
   rC--:      It makes you very vulnerable to cold.
   rPois:     It protects you from poison
 S - a ring of wizardry
   (You found it on level 10 of the Dungeon)
Talismans
 G - a beast talisman
 T - a flux talisman (active)
Wands
 f - a wand of paralysis (30)
   (You found it on level 6 of the Dungeon)
 i - a wand of digging (3)
   (You found it on level 11 of the Dungeon)
 D - a wand of polymorph (22)
   (You took it off an orc on level 7 of the Dungeon)
 H - a wand of iceblast (7)
   (You took it off Pikel on level 8 of the Dungeon)
 P - a wand of acid (15)
   (You found it on level 10 of the Dungeon)
 U - a wand of flame (12)
   (You found it on level 13 of the Dungeon)
Scrolls
 a - a scroll of summoning
 e - 3 scrolls of silence
 g - 6 scrolls of revelation
 j - 4 scrolls of poison
 m - 2 scrolls of fog
 r - 10 scrolls of identify
 t - 3 scrolls of teleportation
 y - 5 scrolls of torment
 z - a scroll of blinking
 B - a scroll of enchant armour
 C - 2 scrolls of vulnerability
 Q - 3 scrolls of immolation
 X - a scroll of fear
Potions
 d - a potion of might
 h - a potion of haste
 k - 2 potions of enlightenment
 q - 7 potions of curing
 v - 2 potions of mutation
 w - a potion of heal wounds
 I - 7 potions of attraction
 R - 2 potions of ambrosia
 V - 2 potions of lignification
Miscellaneous
 x - a box of beasts
   (You found it on level 3 of the Lair of Beasts)
 O - a phial of floods
   (You found it on level 4 of the Lair of Beasts)
 W - a lightning rod (4/4)
   (You found it on level 15 of the Dungeon)


   Skills:
 - Level 15.2 Fighting
 * Level 0.6 Armour
 - Level 12.6 Dodging
 - Level 13.9 Unarmed Combat
 - Level 6.0 Evocations
 - Level 12.8 Shapeshifting


You had 14 spell levels left.
You didn't know any spells.
Your spell library contained the following spells:

 Spells                   Type           Power      Damage    Failure   Level
 Apportation              Tloc           0%         N/A       32%         1
 Summon Small Mammal      Summ           0%         N/A       32%         1
 Cigotuvi's Dreadful Rot  Necr/Alch/Air  0%         N/A       45%         2
 Jinxbite                 Hex            0%         N/A       45%         2
 Momentum Strike          Conj/Tloc      0%         3d8       45%         2
 Call Canine Familiar     Summ           0%         N/A       69%         3
 Gell's Gravitas          Tloc           0%         N/A       69%         3
 Stone Arrow              Conj/Erth      0%         3d7       69%         3
 Teleport Other           Tloc           0%         N/A       69%         3
 Anguish                  Hex/Necr       0%         N/A       97%         4
 Animate Armour           Summ/Erth      0%         N/A       97%         4
 Cause Fear               Hex            0%         N/A       97%         4
 Dimensional Bullseye     Hex/Tloc       0%         N/A       97%         4
 Fulminant Prism          Conj/Alch      0%         3d5       97%         4
 Ignite Poison            Fire/Alch      0%         N/A       97%         4
 Summon Blazeheart Golem  Fire/Summ      0%         N/A       97%         4
 Alistair's Intoxication  Alch           0%         N/A       100%        5
 Freezing Cloud           Conj/Ice/Air   0%         6-21      100%        5
 Dispersal                Tloc           0%         N/A       100%        6
 Eringya's Noxious Bog    Alch           0%         4d6       100%        6
 Enfeeble                 Hex            0%         N/A       100%        7
 Lehudib's Crystal Spear  Conj/Erth      0%         10d2      100%        8


Dungeon Overview and Level Annotations

Branches:
Dungeon (15/15) Zot: 25989  Temple (0/1) D:6            Lair (5/5) D:11 Zot: 25044
 Shoals (0/4) Lair:2       Spider (0/4) Lair:3        Slime (0/5) Lair:5
    Orc (2/2) D:10 Zot: 10205     Elf (1/3) Orc:2 Zot: 5992  Vaults (0/5) D:13
 Depths (0/4) D:15         Bailey (visited)

Shops:
D:4 *:   D:9 *   Orc:2 [(?[

Annotations:
Lair:3 exclusion: oklob plant
Lair:5 3 runed translucent doors
Orc:1 1 runed translucent door, Arcadio's ghost, journeyman DrAE


Innate Abilities, Weirdness & Mutations

You are something dangerously unstable.
You glow with magical radiation, making you easy to see and hit.
Foes you strike become dangerously contaminated with magical radiation.
You are incapable of wielding weapons or throwing items.
You have an increased reservoir of magic. (+10% MP)
You shall have no god before yourself.
Your divine heritage dramatically boosts your attributes as you level up.
You have large cloven feet.
You have supernaturally acute eyesight. (SInv)
Your natural rate of healing is unusually fast.


Message History

A deep elf pyromancer breaks down the door.
A deep elf pyromancer opens the door. x2
There is a staircase back to the Mines here.
A deep elf zephyrmancer comes into view.
It is wielding a +0 long sword.
The deep elf pyromancer mumbles some strange words.
The deep elf pyromancer blinks!
The deep elf pyromancer gestures at you while chanting.
The pyre arrow hits you.
You are covered in intense liquid fire!
The liquid fire burns you!
The deep elf pyromancer gestures at you while chanting.
The pyre arrow hits you.
You are even more covered in intense liquid fire!
You shake off some of the fire as you move.
You climb upwards.
Welcome back to the Orcish Mines!
The liquid fire burns you!
There is a staircase to the Elven Halls here.
You closely miss the deep elf pyromancer.
Your kick misses the deep elf pyromancer.
The liquid fire burns you!
You punch the deep elf pyromancer!
The deep elf pyromancer begins to glow.
You kick the deep elf pyromancer.
The deep elf pyromancer is heavily wounded.
The liquid fire burns you!
The deep elf pyromancer casts a spell.
The deep elf pyromancer blinks!
You shake off some of the fire as you move.
The liquid fire burns you!
The deep elf pyromancer mumbles some strange words.
You shake off some of the fire as you move.
The liquid fire burns you!
The deep elf pyromancer gestures at you while chanting.
The bolt of fire hits the fire elemental.
The fire elemental completely resists.
The bolt of fire hits you!!
You shake off some of the fire as you move.
The liquid fire burns you!
You feel much better. The liquid fire burns you!
You shake off the liquid fire.
The fire elemental misses you. The fire elemental closely misses you.
The fire elemental misses you. The fire elemental misses you.
You punch the fire elemental!
The fire elemental begins to glow.
You kick the fire elemental.
The fire elemental is heavily damaged.
The fire elemental closely misses you.
You punch the fire elemental!
The fire elemental glows dangerously bright.
Your kick misses the fire elemental.
The fire elemental is almost destroyed.
The fire elemental hits you. The fire elemental burns you!
You punch the fire elemental!
You destroy the fire elemental!
The fire elemental disappears in a puff of smoke!
The deep elf pyromancer mumbles some strange words.
You closely miss the deep elf pyromancer.
You kick the deep elf pyromancer.
The deep elf pyromancer is moderately wounded.
The deep elf pyromancer casts a spell at you.
The pyre arrow hits you.
You are covered in intense liquid fire!
The fire elemental misses you.
You hit the deep elf pyromancer.
The deep elf pyromancer begins to glow.
The deep elf pyromancer is heavily wounded.
The liquid fire burns you! The fire elemental hits you.
The fire elemental burns you!
The deep elf pyromancer hits you with a +0 short sword.
You barely miss the deep elf pyromancer.
You kick the deep elf pyromancer, but do no damage.
The deep elf pyromancer is heavily wounded.
The liquid fire burns you! The fire elemental misses you.
You hit the deep elf pyromancer.
The deep elf pyromancer glows dangerously bright.
You kick the deep elf pyromancer.
The deep elf pyromancer is heavily wounded.
The liquid fire burns you!
* * * LOW HITPOINT WARNING * * *
The deep elf pyromancer points at you and mumbles some strange words.
The pyre arrow hits you.
You are even more covered in intense liquid fire!
The fire elemental misses you.
You punch the deep elf pyromancer!
The deep elf pyromancer shudders as magic cascades through it!
You kill the deep elf pyromancer!
The fire elemental disappears in a puff of smoke!
The liquid fire burns you!
* * * LOW HITPOINT WARNING * * *
You shake off some of the fire as you move.
The liquid fire burns you!
* * * LOW HITPOINT WARNING * * *
You shake off some of the fire as you move.
The liquid fire burns you!
* * * LOW HITPOINT WARNING * * *
You shake off some of the fire as you move.
The liquid fire burns you!
* * * LOW HITPOINT WARNING * * *
You shake off some of the fire as you move.
The liquid fire burns you!
You die...

.......#####..#)).#.∩.#.#
.......##.##..#.8.#8.8#.#
........#.#...#...#...#.#
...#..........#'###...#.#
..##..........#)).....#.#
.#####........#.......#.#
####......>...##.._..##.#
.##....##.....#########.#
................p.......#
.....####...).......#####
#).).#8_#.#........##
##)))#).#○##......##
..)..#..#e#........##
.))..#..#.#.<.......##
...))##'#............##
..#............#......##
..##.).................##


There were no monsters in sight!

Vanquished Creatures
  Agnes (D:14)
  An orc warlord (Orc:2)
  A fire dragon (D:15)
  Fannar (Lair:3)
  4 vault guards (D:13)
  5 centaur warriors
  11 hydras
  2 catoblepae
  4 boulder beetles
  7 two-headed ogres
  A deep troll earth mage (D:15)
  Erica (D:10)
  2 tengu warriors
  2 orc high priests
  4 death yaks (Lair:2)
  A skyshark (Lair:5)
  A deep elf knight (D:15)
  2 harpies (Lair:2)
  2 lindwurms (Lair:5)
  5 deep elf pyromancers
  Pikel (D:8)
  2 orc knights (Orc:1)
  8 ugly things (D:15)
  An orc sorcerer (Orc:1)
  An oklob plant (D:11)
  2 manticores
  3 meliai (D:14)
  8 cyclopes
  14 elephants
  7 black mambas
  2 molten gargoyles (Lair:5)
  9 kobold blastminers
  A gargoyle (D:11)
  11 cane toads
  A cane toad (shapeshifter) (D:14)
  2 unseen horrors
  17 komodo dragons
  A yaktaur (D:13)
  8 rime drakes
  A tengu conjurer (D:15)
  3 kobold demonologists
  2 efreet
  6 trolls
  A polar bear (Lair:5)
  Grinder (D:6)
  A merfolk (D:10)
  4 dream sheep (Lair:3)
  13 blink frogs
  7 slime creatures
  A shadow (D:11)
  Sigmund (D:6)
  A wyvern (shapeshifter) (D:14)
  3 wraiths
  3 vampires
  10 wyverns
  93 yaks
  2 wargs (Orc:2)
  10 basilisks
  3 steam dragons
  13 vampire mosquitoes
  2 acid dragons
  5 hell hounds (Lair:5)
  14 water moccasins
  3 black bears
  2 laughing skulls (D:14)
  3 ice beasts
  29 orc warriors
  5 ogres
  12 wolves
  4 centaurs
  2 phantoms
  2 lemures (D:8)
  12 bullfrogs
  6 kobold brigands
  10 gnoll sergeants
  A scorpion (D:5)
  4 wights (D:8)
  14 killer bees
  7 howler monkeys
  2 electric eels (D:11)
  5 lava snakes (Lair:5)
  A bombardier beetle (D:4)
  6 hounds
  13 orc priests
  7 gnoll boudas (Bailey)
  4 jellies
  A sleepcap (D:7)
  3 iguanas
  25 orc wizards
  4 hell rats (Lair:3)
  29 gnolls
  13 adders
  A shadow imp (D:7)
  4 white imps
  2 ufetubi (D:6)
  4 dart slugs
  3 ribbon worms
  83 orcs
  6 bats
  8 endoplasms
  4 giant cockroaches
  11 hobgoblins
  6 jackals
  22 kobolds
  8 quokkas
  8 ball pythons
  4 frilled lizards
  3 goblins
  12 rats
775 creatures vanquished.

Vanquished Creatures (collateral kills)
  A vampire mosquito (D:14)
1 creature vanquished.

Grand Total: 776 creatures vanquished

Notes
Turn   | Place    | Note
-------+----------+-------------------------------------------
     0 | D:1      | Flugkiller the Demigod Shapeshifter began the quest for the
                  | Orb.
     0 | D:1      | Reached XP level 1. HP: 15/15 MP: 3/3
    19 | D:1      | Reached skill level 1 in Fighting
    82 | D:1      | Reached XP level 2. HP: 8/23 MP: 4/4
   634 | D:1      | Reached XP level 3. HP: 29/29 MP: 5/5
  1074 | D:1      | Reached skill level 2 in Fighting
  1255 | D:2      | Reached XP level 4. HP: 16/36 MP: 6/6
  1798 | D:3      | Noticed an ice beast
  1806 | D:3      | Killed an ice beast
  1807 | D:3      | Reached skill level 3 in Fighting
  1807 | D:3      | Reached XP level 5. HP: 45/45 MP: 7/7
  2445 | D:3      | Identified a scroll of acquirement
  2695 | D:4      | Found Danes's Tremendous Tomes.
  2776 | D:4      | Found Qetzayse's Gadget Gallery.
  2783 | D:4      | Reached XP level 6. HP: 48/51 MP: 8/8
  3233 | D:5      | Entered Level 5 of the Dungeon
  3429 | D:5      | Reached skill level 4 in Fighting
  3617 | D:5      | Reached XP level 7. HP: 25/59 MP: 9/9
  3857 | D:5      | Reached skill level 5 in Unarmed Combat
  4064 | D:5      | Reached skill level 5 in Shapeshifting
  4374 | D:6      | Noticed a steam dragon
  4383 | D:6      | Killed a steam dragon
  4384 | D:6      | Reached skill level 5 in Fighting
  4571 | D:6      | Gained mutation: Your natural rate of healing is unusually
                  | fast. [potion of mutation]
  4571 | D:6      | Gained mutation: You have supernaturally acute eyesight.
                  | (SInv) [potion of mutation]
  4571 | D:6      | Gained mutation: You have large cloven feet. [potion of
                  | mutation]
  4581 | D:6      | Reached XP level 8. HP: 59/68 MP: 10/10
  4757 | D:6      | Noticed Sigmund
  4785 | D:6      | Killed Sigmund
  4817 | D:6      | Acquired a manual of Fighting
  4835 | D:6      | Noticed Grinder
  4842 | D:6      | Found a staircase to the Ecumenical Temple.
  4915 | D:6      | Reached skill level 6 in Fighting
  4921 | D:6      | Killed Grinder
  5520 | D:7      | Reached skill level 7 in Fighting
  5520 | D:7      | Reached XP level 9. HP: 76/79 MP: 11/11
  5870 | D:8      | Noticed Pikel
  5877 | D:8      | Killed Pikel
  5996 | D:8      | Reached skill level 8 in Fighting
  6108 | D:8      | Reached skill level 5 in Dodging
  6108 | D:8      | Reached XP level 10. HP: 84/90 MP: 13/13
  6110 | D:8      | Reached skill level 9 in Fighting
  6630 | D:9      | Found Auohaucw's Alliterative Armaments.
  6691 | D:9      | Found a flagged portal.
  6700 | Bailey   | Entered a bailey
  7272 | D:9      | Reached skill level 10 in Fighting
  7738 | D:9      | Got Sif Muna's Volume of Translocational Degeneration
  7953 | D:10     | Entered Level 10 of the Dungeon
  7989 | D:10     | Noticed Erica
  7998 | D:10     | Killed Erica
  8037 | D:10     | Found a staircase to the Orcish Mines.
  8060 | D:10     | Reached XP level 11. HP: 97/101 MP: 14/14
  8279 | D:10     | Reached skill level 11 in Fighting
  8560 | D:10     | Noticed a two-headed ogre
  8569 | D:10     | Killed a two-headed ogre
  9196 | D:11     | Found a staircase to the Lair.
  9341 | D:11     | Noticed a boulder beetle
  9353 | D:11     | Killed a boulder beetle
  9452 | D:11     | Reached skill level 12 in Fighting
  9844 | Lair:1   | Entered Level 1 of the Lair of Beasts
 10017 | Lair:1   | Reached skill level 10 in Unarmed Combat
 10275 | Lair:1   | Reached XP level 12. HP: 107/113 MP: 15/15
 10572 | Lair:1   | Reached skill level 13 in Fighting
 10929 | Lair:2   | Reached skill level 10 in Shapeshifting
 11022 | Lair:2   | Found a staircase to the Shoals.
 11345 | Lair:2   | Noticed a boulder beetle
 11357 | Lair:2   | Killed a boulder beetle
 11992 | Lair:3   | Noticed an eight-headed hydra
 12023 | Lair:3   | Reached XP level 13. HP: 119/123 MP: 16/16
 12175 | Lair:3   | Noticed Fannar
 12181 | Lair:3   | Killed Fannar
 12388 | Lair:3   | Found a hole to the Spider Nest.
 12445 | Lair:3   | Reached skill level 10 in Dodging
 12658 | Lair:4   | Reached skill level 14 in Fighting
 13538 | Lair:5   | Entered Level 5 of the Lair of Beasts
 13837 | Lair:5   | Found a runed translucent door.
 13838 | Lair:5   | Found a staircase to the Slime Pits.
 13968 | Lair:5   | Reached XP level 14. HP: 131/133 MP: 17/17
 14372 | Lair:5   | Found a large runed translucent door.
 14372 | Lair:5   | Found a large runed translucent door.
 15545 | D:13     | Reached skill level 15 in Fighting
 15579 | D:13     | Found a gate to the Vaults.
 16555 | D:14     | Noticed Agnes
 16666 | D:14     | Reached skill level 1 in Evocations
 16824 | D:14     | Killed Agnes
 17328 | D:15     | Entered Level 15 of the Dungeon
 17504 | D:15     | Reached skill level 5 in Evocations
 17825 | D:15     | Reached XP level 15. HP: 141/141 MP: 18/18
 18129 | D:15     | Found a staircase to the Depths.
 18367 | Orc:1    | Entered Level 1 of the Orcish Mines
 18971 | Orc:1    | Found a runed translucent door.
 18972 | Orc:1    | Noticed Arcadio's ghost (journeyman DrAE)
 19010 | Orc:2    | Entered Level 2 of the Orcish Mines
 19382 | Orc:2    | Found a staircase to the Elven Halls.
 19423 | Orc:2    | Found Ligudeel's Antique Armour Shoppe.
 19589 | Orc:2    | Found Moyst's Magic Scroll Shop.
 19623 | Orc:2    | Bought a scroll of fear for 68 gold pieces
 20134 | Orc:2    | Found Teududo's Antique Armour Shop.
 20135 | Orc:2    | Found Civomer's Antique Weapon Boutique.
 20243 | Elf:1    | Entered Level 1 of the Elven Halls
 20275 | Orc:2    | HP: 1/141 [burnt (16)]
 20276 | Orc:2    | Incinerated by a deep elf pyromancer

Illustrated notes

Levels and vault maps discovered:
D:1:      wander_arrival_lonely_grave, layout_basic, st_stairs_13,
          minmay_rat_gold_closets
D:2:      layout_rooms
D:3:      minmay_thinvault, layout_loops_ring
D:4:      layout_rooms, serial_glass, glass_columns_a, glass_columns_c,
          glass_columns_a, chequers_hall_statues_wall_a,
          nicolae_shop_i_like_big_books, minivault_19, nicolae_shop_gadgets
D:5:      layout_rooms, hangedman_abyss_or_decor_stabs
D:6:      layout_basic, minmay_temple_entry_butterflies, uniq_grinder,
          uniq_sigmund
D:7:      layout_loops_ring, mrwooster_statue_mirror
D:8:      layout_loops_corners, uniq_pikel
D:9:      layout_basic, enter_bailey_1, monkooky_shop_alliterative
D:10:     layout_loops_ring, gammafunk_temple_overflow_pools, orc_david_3,
          minmay_misc_feat_doors, roadster_trireme, uniq_erica
D:11:     layout_basic, dpeg_oklobed_lair
D:12:     layout_cave_pools
D:13:     layout_loops_cross, lightli_vaults_fourway_checkpoint
D:14:     layout_roguey, chequers_serial_rivers_micro_c, uniq_agnes
D:15:     hellmonk_depths_entry_around_the_bend, layout_basic,
          nicolae_qazlal_general_emergency
Lair:1:   layout_regular_city, infiniplex_staircase_pool_2, serial_bayou_shore_b
Lair:2:   layout_cave_pods, nicolae_shoals_entry_roost,
          nicolae_quartered_pool_medium
Lair:3:   layout_misc_corridors, dummy_spider_entry, special_room
          [special_room_mythical_zoo], uniq_fannar
Lair:4:   nzn_winding_woodlands_small [nzn_winding_woodlands_5x15_jagged,
          nzn_winding_woodlands_center_diamonds,
          nzn_winding_woodlands_5x15_zeroes], layout_long_grid,
          serial_bayou_shore_b, grunt_megastairs_1
Lair:5:   cheibrodos_lair_end_hotspot, layout_regular_city, slime_entry_2
Orc:1:    nicolae_orc_accident_1, layout_diamond_mine, ebering_ghost_xom,
          basic_altar
Orc:2:    grunt_orc_community_town_hall, layout_diamond_mine,
          grunt_orc_community_big_house_1, grunt_orc_community_big_house_2,
          grunt_orc_community_house_2, grunt_orc_community_house_1,
          grunt_orc_community_house_2, grunt_orc_community_house_1,
          grunt_orc_community_house_2, nicolae_orc_crystal_seam
Elf:1:    minmay_elf_arrival_plus, layout_loops_cross,
          hangedman_corner_corridor, uniq_zenata

Skill      XL: |  1  2  3  4  5  6  7  8  9 10 11 12 13 14 15 |
---------------+----------------------------------------------+-----
Fighting       | 1 2 3 4 5 7 8 10 12 13 14 15 | 15.2
Unarmed Combat | 3 4 5 6 7 9 10 11 12 13 | 13.9
Shapeshifting  | 3 4 5 6 7 8 9 10 11 12 | 12.8
Dodging        | 3 5 6 8 9 11 12 | 12.6
Evocations     | 6 |  6.0
Armour         | |  0.6

Action                     |  1- 3 |  4- 6 |  7- 9 | 10-12 | 13-15 || total
---------------------------+-------+-------+-------+-------+-------++-------
  Melee: Unarmed           |   140 |   228 |   253 |   977 |  1472 ||  3070
         Punch             |     3 |     6 |    12 |     1 |       ||    22
         Kick              |       |       |    58 |   431 |   673 ||  1162
  Evoke: Wand              |       |       |       |       |     2 ||     2
         Box of beasts     |       |       |       |       |     1 ||     1
    Use: Potion            |       |     3 |     8 |       |     3 ||    14
         Scroll            |       |     9 |     4 |    10 |     6 ||    29
   Stab: Petrified         |       |       |       |       |     2 ||     2
 Armour: Animal skin       |    64 |     6 |       |       |       ||    70
         Swamp dragon scal |       |   142 |   121 |     2 |       ||   265
         Skin              |       |       |    32 |   668 |   835 ||  1535
         Ring mail         |       |       |     8 |       |       ||     8
  Dodge: Dodged            |    86 |   142 |   107 |  1065 |  1707 ||  3107
   Form: Flux              |       |       |       |     1 |       ||     1
